 Dungeon Crawl Stone Soup version 0.27.1-4-g1640c2035a (webtiles) character file.

Game seed: 15558763120537335052

65 Gabide the Charlatan (level 4, -2/32 HPs)
             Began as a Human Artificer on Nov 3, 2021.
             Slain by an iguana (9 damage)
             ... on level 3 of the Dungeon.
             The game lasted 00:04:20 (2837 turns).

Gabide the Charlatan (Human Artificer)              Turns: 2837, Time: 00:04:20

Health: -2/32      AC:  5    Str: 12    XL:     4   Next: 34%
Magic:  4/4        EV: 12    Int: 11    God:
Gold:   53         SH:  0    Dex: 15    Spells: 3/3 levels left

rFire    . . .     SeeInvis .   j - +0 mace
rCold    . . .     Faith    .   (no shield)
rNeg     . . .     Spirit   .   b - +1 leather armour
rPois    .         Reflect  .   (no helmet)
rElec    .         Harm     .   g - +0 cloak
rCorr    .         Rampage  .   (no gloves)
Will     .....                  (no boots)
Stlth    +.........             (no amulet)
HPRegen  0.10/turn              (no ring)
MPRegen  0.09/turn              (no ring)

@: no status effects
A: no striking features
a: no special abilities


You were on level 3 of the Dungeon.
You visited 1 branch of the dungeon, and saw 3 of its levels.

You collected 53 gold pieces.

Inventory:

Hand Weapons
 j - a +0 mace (weapon)
Armour
 b - a +1 leather armour (worn)
 g - a +0 cloak (worn)
Wands
 c - a wand of flame (12) (quivered)
 d - a wand of charming (15)
Scrolls
 a - a scroll of magic mapping {unknown}
 f - a scroll of teleportation
Potions
 h - a potion of curing {unknown}
Miscellaneous
 e - a piece from Xom's chessboard (15/15)


   Skills:
 + Level 1.3 Fighting
 + Level 0.8 Maces & Flails
 + Level 2.2 Armour
 * Level 2.5 Dodging
 - Level 1.0 Stealth
 + Level 3.6 Evocations


You had 3 spell levels left.
You didn't know any spells.
Your spell library was empty.

Dungeon Overview and Level Annotations

Branches:
Dungeon (3/15)

Altars:


Message History

Found 9 gold pieces.
No target in view!
No target in view!
No target in view!
No target in view!
No target in view!
No target in view!
No target in view!
No target in view!
No target in view!
No target in view!
No target in view!
No target in view!
No target in view!
No target in view!
No target in view!
No target in view!
No target in view!
No target in view!
No target in view!
No target in view!
An iguana is nearby!
A worm comes into view.
You hit the iguana but do no damage. The iguana closely misses you.
You sock the iguana!
The iguana is heavily wounded.
The iguana bites you but does no damage.
The iguana bites you!
You hit the iguana.
The iguana is severely wounded.
The iguana bites you!
You closely miss the iguana.
The iguana is severely wounded.
The iguana bites you but does no damage.
You hit the iguana but do no damage.
The iguana is severely wounded.
The iguana bites you!
* * * LOW HITPOINT WARNING * * *
The worm closely misses you. The iguana bites you!
You die...

#. ######### #.
#........ . ###...#...#
## .##.....#.#.# ..
###.........#.#.####
....$......@l......
.######.####....w.#.####
.......................
###.....#.....####....#
#.##.##.....# ....#
#.#..##.#.#.# ....#
###.#.###.#.#.# ...#
....#.# ..#.#.# ...#
#...#.#.###.#.#


You could see a worm and an iguana.

Vanquished Creatures
  An adder (D:2)
  3 dart slugs
  6 bats
  9 endoplasms
  3 giant cockroaches (D:1)
  3 goblins
  3 hobgoblins
  3 jackals (D:2)
  A kobold (D:3)
  3 quokkas
  2 ball pythons (D:2)
  4 frilled lizards
  3 rats (D:2)
44 creatures vanquished.

Notes
Turn   | Place    | Note
-------+----------+-------------------------------------------
     0 | D:1      | Gabide the Human Artificer began the quest for the Orb.
     0 | D:1      | Reached XP level 1. HP: 15/15 MP: 1/1
   330 | D:1      | Reached XP level 2. HP: 20/21 MP: 2/2
  1118 | D:1      | Reached XP level 3. HP: 22/26 MP: 3/3
  1958 | D:2      | Found a faded altar of an unknown god.
  1966 | D:2      | Reached XP level 4. HP: 18/32 MP: 4/4
  2837 | D:3      | Slain by an iguana

Illustrated notes

Levels and vault maps discovered:
D:1:      minmay_arrival_glassed_features, layout_loops_ring
D:2:      layout_loops_cross, hellmonk_ecumenical_altar_dog_temple,
          corexii_leaking_fountain, minmay_tetromino_s4
D:3:      layout_basic, gammafunk_ghost_split

Skill      XL: |  1  2  3 |
---------------+----------+-----
Dodging        | 2 |  2.5
Fighting       | |  1.3
Maces & Flails | |  0.8
Armour         | |  2.2
Stealth        | |  1.0
Evocations     | |  3.6

Action                   |  1- 3 |  4- 6 || total
-------------------------+-------+-------++-------
Melee: Club              |   114 |       ||   114
       Mace              |    39 |    56 ||    95
Evoke: Wand              |     3 |       ||     3
  Use: Scroll            |     2 |     3 ||     5
 Stab: Sleeping          |     2 |     3 ||     5
Armor: Leather armour    |    72 |    25 ||    97
Dodge: Dodged            |   132 |    39 ||   171
